 Seeded DCSS version 0.30.1-11-g7821555f0a (webtiles) character file.

Game seed: 6351066067085065685 (custom seed)

330643 Esekla the Archmage (level 20, -32/121 HPs)
             Began as a Deep Elf Wanderer on Nov 11, 2023.
             Was the Champion of Vehumet.
             Blown up by an eye of devastation (43 damage)
             ... with a bolt of energy
             ... on level 3 of the Pits of Slime on Nov 12, 2023.
             The game lasted 06:35:53 (38101 turns).

Esekla the Archmage (Deep Elf Wanderer)            Turns: 38101, Time: 06:35:54

Health: -32/121    AC: 18    Str: 13    XL:     20   Next: 85%
Magic:  42/53      EV: 15    Int: 38    God:    Vehumet [******]
Gold:   1427       SH:  4    Dex: 11    Spells: 1/73 levels left

rFire   + . .        g - +9 long sword (protect)
rCold   . . .        p - +0 buckler
rNeg    . . .        S - +1 ring mail "Uronn" {rF+ Regen+ Int+3}
rPois   .            Y - +2 helmet {Int+3}
rElec   .            d - +2 cloak {Stlth+}
rCorr   +            k - +0 pair of gloves
SInv    .            T - +2 pair of boots {rampage}
Will    +++..        y - amulet of magic regeneration
Stlth   +++          l - ring "Pyanlupp" {Fly Will+ rCorr Str+2 Int+4}
HPRegen 1.20/turn    P - ring of the Mage {Wiz Archmagi}
MPRegen 0.73/turn

%: rampage, wizardry (x1), archmagi
@: wereblooded, flying
A: no striking features
}: 2/15 runes: barnacled, gossamer
a: Renounce Religion


You were on level 3 of the Pits of Slime.
You worshipped Vehumet.
Vehumet was exalted by your worship.
You visited 9 branches of the dungeon, and saw 38 of its levels.
You visited the Abyss 1 time.
You visited 1 bazaar.
You also visited: Trove and Bailey.

You collected 5380 gold pieces.
You spent 3953 gold pieces at shops.

Inventory:

Hand Weapons
 a - the +8 short sword of Drought {vamp, Fly rN+ Will+}
   (You acquired it on level 2 of the Spider Nest)

   rN:        It protects you from negative energy.
   Fly:       It grants you flight.
   Will:      It increases your willpower.
 c - the +6 Majin-Bo {spellvamp, MP+6 Int+6}
   (You acquired it on level 2 of the Spider Nest)

   Int:       It affects your intelligence (+6).
   MP:        It affects your magic capacity (+6).
 e - a +2 demon blade of electrocution
 f - a +4 scimitar of flaming
 g - a +9 long sword of protection (weapon)
 r - a +5 trident of venom
 s - the +8 Vampire's Tooth {megavamp}
   (You bought it in a shop in a bazaar)
Missiles
 v - 90 poisoned darts
 J - 26 boomerangs (quivered)
 K - 7 curare-tipped darts
 N - 9 silver javelins
Armour
 d - a +2 cloak of stealth (worn)
 k - a +0 pair of gloves (worn)
 p - a +0 buckler (worn)
 S - the +1 ring mail "Uronn" (worn) {rF+ Regen+ Int+3}
   (You found it on level 4 of the Shoals)

   Int:       It affects your intelligence (+3).
   rF:        It protects you from fire.
   Regen:     It increases your rate of health regeneration.
 T - a +2 pair of boots of rampaging (worn)
 X - a +2 robe of cold resistance
 Y - a +2 helmet of intelligence (worn)
 Z - the +1 animal skin "Kougi" {rPois rF++ MP+9}
   (You found it on level 2 of the Shoals)

   rF:        It greatly protects you from fire.
   rPois:     It protects you from poison.
   MP:        It affects your magic capacity (+9).
Magical Staves
 W - a staff of death
Jewellery
 l - the ring "Pyanlupp" (left hand) {Fly Will+ rCorr Str+2 Int+4}
   (You acquired it on level 2 of the Spider Nest)

   [ring of resist corrosion]

   Str:       It affects your strength (+2).
   Int:       It affects your intelligence (+4).
   Fly:       It grants you flight.
   rCorr:     It protects you from acid and corrosion.
   Will:      It increases your willpower.
 q - the ring "Edamun" {rN+ Will+ Str+3 Dex-3 Slay+2}
   (You found it in a treasure trove)

   [ring of positive energy]

   Str:       It affects your strength (+3).
   Dex:       It affects your dexterity (-3).
   Slay:      It affects your accuracy & damage with ranged weapons and melee
   (+2).
   rN:        It protects you from negative energy.
   Will:      It increases your willpower.
 y - an amulet of magic regeneration (around neck)
 B - a ring of see invisible
 I - the ring "Pileq" {Ice Str+4 Dex+3 Slay+2}
   (You took it off a merfolk on level 4 of the Shoals)

   [ring of ice]

   It enhances your ice magic.
   Str:       It affects your strength (+4).
   Dex:       It affects your dexterity (+3).
   Slay:      It affects your accuracy & damage with ranged weapons and melee
   (+2).
   rF:        It makes you vulnerable to fire.
   rC:        It protects you from cold.
 P - the ring of the Mage (right hand) {Wiz Archmagi}
   (You bought it in a shop on level 2 of the Dungeon)

   [ring of wizardry]

   It improves your spell success rate.
   Archmagi:  It increases the power of your magical spells.
 Q - an amulet of reflection
 U - the ring of Greed {rElec rPois rN+ AC+4 Str-2}
   (You bought it in a shop on level 2 of the Dungeon)

   [ring of protection]

   AC:        It affects your AC (+4).
   Str:       It affects your strength (-2).
   rElec:     It insulates you from electricity.
   rPois:     It protects you from poison.
   rN:        It protects you from negative energy.
Wands
 u - a wand of roots (39)
 z - a wand of flame (68)
 F - a wand of quicksilver (33)
 H - a wand of mindburst (8)
 R - a wand of digging (7)
Scrolls
 o - 5 scrolls of amnesia
 t - 4 scrolls of fog
 w - 3 scrolls of silence
 x - 3 scrolls of magic mapping
 A - 6 scrolls of fear
 E - 14 scrolls of teleportation
 G - 2 scrolls of poison
 L - 4 scrolls of blinking
Potions
 b - 2 potions of mutation
 h - 2 potions of heal wounds
 i - 13 potions of curing
 j - 11 potions of haste
 m - 3 potions of cancellation
 n - 3 potions of might
 C - 6 potions of brilliance
 D - 6 potions of lignification
 M - 2 potions of magic
 O - 6 potions of ambrosia
 V - 3 potions of resistance


   Skills:
 - Level 11.7 Fighting
 + Level 3.8(4.4) Short Blades
 + Level 2.8(3.6) Long Blades
 + Level 2.2 Throwing
 - Level 7.1 Armour
 * Level 15.4 Dodging
 + Level 4.0 Stealth
 - Level 3.3 Shields
 O Level 27 Spellcasting
 + Level 10.8 Conjurations
 + Level 12.3 Necromancy
 + Level 6.6 Translocations
 + Level 8.4 Transmutations
 + Level 8.1 Fire Magic
 + Level 9.9 Ice Magic
 + Level 11.4 Air Magic
 * Level 11.9 Earth Magic
 - Level 8.1 Poison Magic
 + Level 1.0 Invocations
 + Level 0.6 Evocations


You had one spell level left.
You knew the following spells:

 Your Spells              Type           Power      Damage    Failure   Level
b - Blink                 Tloc           100%       N/A       1%          2
c - Mephitic Cloud        Conj/Pois/Air  100%       N/A       1%          3
d - Vampiric Draining     Necr           100%       2d13      0%          3
f - Fireball              Conj/Fire      55%        3d21      1%          5
g - Ozocubu's Refrigerat  Ice            56%        4d20      1%          7
i - Irradiate             Conj/Tmut      56%        3d30      1%          5
k - Iskenderun's Mystic   Conj/Tloc      100%       2d19      1%          4
m - Maxwell's Capacitive  Air            59%        ∞         7%          8
n - Ignite Poison         Fire/Tmut/Pois 100%       N/A       1%          3
o - Orb of Destruction    Conj           58%        9d14      1%          7
p - Apportation           Tloc           100%       N/A       1%          1
r - Frozen Ramparts       Ice            100%       1d16      1%          3
u - Dispel Undead         Necr           100%       3d31      1%          4
v - Poisonous Vapours     Pois/Air       100%       N/A       1%          2
w - Wereblood             Tmut           100%       N/A       1%          2
x - Olgreb's Toxic Radia  Pois           100%       N/A       1%          4
y - Sticky Flame          Conj/Fire      100%       2d11      1%          4
z - Freezing Cloud        Conj/Ice/Air   57%        6-21      1%          5

Your spell library contained the following spells:

 Spells                   Type           Power      Damage    Failure   Level
 Shatter                  Erth           59%        3d44*     52%         9
 Chain Lightning          Conj/Air       58%        3d78      63%         9
 Polar Vortex             Ice            56%        N/A       77%         9
 Foxfire                  Conj/Fire      100%       2x1d9     0%          1
 Magic Dart               Conj           100%       1d8       0%          1
 Necrotise                Necr           100%       1d9       0%          1
 Sandblast                Erth           100%       2d20      0%          1
 Shock                    Conj/Air       100%       1d9       0%          1
 Sting                    Tmut/Pois      100%       1d8       1%          1
 Summon Small Mammal      Summ           100%       N/A       1%          1
 Cigotuvi's Dreadful Rot  Necr/Pois/Air  100%       N/A       0%          2
 Passwall                 Tmut/Erth      95%        N/A       0%          2
 Sublimation of Blood     Necr           100%       N/A       0%          2
 Call Imp                 Summ           100%       N/A       1%          2
 Lesser Beckoning         Tloc           100%       N/A       1%          2
 Dazzling Flash           Conj/Hex       100%       N/A       1%          3
 Gell's Gravitas          Tloc           100%       N/A       1%          3
 Hailstorm                Conj/Ice       100%       3d20      1%          3
 Inner Flame              Hex/Fire       89%        N/A       1%          3
 Portal Projectile        Hex/Tloc       100%       N/A       1%          3
 Spider Form              Tmut/Pois      100%       N/A       1%          3
 Stone Arrow              Conj/Erth      100%       3d13      1%          3
 Swiftness                Air            100%       N/A       1%          3
 Teleport Other           Tloc           100%       N/A       1%          3
 Tukima's Dance           Hex            67%        N/A       1%          3
 Vhi's Electric Charge    Tloc/Air       100%       N/A       1%          3
 Airstrike                Air            59%        2d(9-25)  1%          4
 Anguish                  Hex/Necr       49%        N/A       1%          4
 Animate Armour           Summ/Erth      100%       N/A       1%          4
 Ice Form                 Ice/Tmut       100%       N/A       1%          4
 Manifold Assault         Tloc           100%       N/A       1%          4
 Passage of Golubria      Tloc           100%       N/A       1%          4
 Summon Ice Beast         Ice/Summ       93%        N/A       1%          4
 Summon Lightning Spire   Summ/Air       97%        N/A       1%          4
 Agony                    Necr           100%       N/A       1%          5
 Arcjolt                  Conj/Air       58%        1d68      1%          5
 Silence                  Hex/Air        48%        N/A       1%          5
 Yara's Violent Unravell  Hex/Tmut       45%        3d18      1%          5
 Death Channel            Necr           60%        N/A       1%          6
 Plasma Beam              Fire/Air       56%        2x1d78    1%          6
 Starburst                Conj/Fire      55%        6d15      1%          6
 Cause Fear               Hex            33%        N/A       3%          4
 Dispersal                Tloc           50%        N/A       4%          6
 Lehudib's Crystal Spear  Conj/Erth      59%        10d14     7%          8
 Dragon Form              Tmut           53%        N/A       10%         7
 Spellforged Servitor     Conj/Summ      47%        N/A       10%         7
 Summon Mana Viper        Hex/Summ       67%        N/A       11%         5
 Ignition                 Fire           53%        3d15      22%         8
 Disjunction              Tloc           50%        N/A       82%         8
 Enfeeble                 Hex            33%        N/A       95%         7
 Summon Hydra             Summ           33%        N/A       95%         7
 Dragon's Call            Summ           33%        N/A       100%        9


Dungeon Overview and Level Annotations

Branches:
Dungeon (13/15)            Temple (0/1) D:6            Lair (5/5) D:11
 Shoals (4/4) Lair:2       Spider (4/4) Lair:3        Slime (3/5) Lair:5
    Orc (2/2) D:10            Elf (1/3) Orc:2        Vaults (3/5) D:13
  Crypt (3/3) Vaults:2       Tomb (0/3) Crypt:3      Bailey (visited)

Altars:
Dithmenos
Fedhas
Hepliaklqana
Nemelex Xobeh
Okawaru
Qazlal
Ru
Trog
Uskayaw
Vehumet
Zin
The Shining One
Jiyva
Lugonu

Shops:
D:2 =   D:4 (   D:11 *   Orc:2 **[:   Shoals:2 (   Shoals:3 !   Vaults:1 [

Portals:
Abyss: Slime:1
Pandemonium: Orc:2

Annotations:
D:11 earth elemental
Crypt:2 3 runed translucent doors, Hynnuzim's ghost, veteran CeHu; Ulecsuczon's ghost, veteran MiGl; Wesoq's ghost, veteran MiGl


Message History

You feel strangely unstable. The acid blob spits acid at you.
The splash of acid hits you! You resist.
* * * LOW HITPOINT WARNING * * *
The acid blob spits acid at you. The splash of acid hits you! You resist.
* * * LOW HITPOINT WARNING * * *
You feel much better. The acid blob spits acid at you.
The splash of acid hits you. You resist.
* * * LOW HITPOINT WARNING * * *
As you read the scroll of fog, it crumbles to dust.
The scroll dissolves into smoke.
Your surroundings suddenly seem different.
Found two stone staircases leading down and a stone staircase leading up.
An eye of devastation comes into view.
The eye of devastation turns its gaze towards you.
Casting: Freezing Cloud (safe; 1% risk of failure)
Confirm with . or Enter, or press ? or * to list all spells.
Aiming: Poisonous Vapours (safe; 1% risk of failure)
Press: ? - help, Dir - move target, f - eye of devastation
Aim: an eye of devastation You feel a surge of power!
Poisonous vapours surround the eye of devastation!
The eye of devastation is poisoned.
You are no longer corroded.
The eye of devastation gazes at you. The bolt of energy hits you!
* * * LOW HITPOINT WARNING * * *
Casting: Poisonous Vapours (safe; 1% risk of failure)
Confirm with . or Enter, or press ? or * to list all spells.
Aiming: Poisonous Vapours (safe; 1% risk of failure)
Press: ? - help, Dir - move target, f/p - eye of devastation
Aim: an eye of devastation (lightly wounded, very poisoned)
You feel a surge of power!
Poisonous vapours surround the eye of devastation!
The eye of devastation looks as sick as possible!
The eye of devastation gazes at you. The bolt of energy hits you!!!
You die...

########## #
.##..#..#..#.###
...............#
................
..>........#
.......@...#
..........##
.............
..............#
G..............
...............
..><...........
...........##..


You could see an eye of devastation (extremely poisoned).

Vanquished Creatures
  A dread lich (Crypt:3)
  Mara (Spider:4)
  An ancient lich (Crypt:3)
  A curse toe (Crypt:3)
  A bone dragon (Crypt:3)
  Rupert (Lair:4)
  2 liches (Crypt:3)
  5 sphinxes
  A tentacled starspawn (Abyss:3)
  6 ancient champions
  2 krakens
  8 acid blobs
  Ilsuiw (Shoals:3)
  A rockslime (Slime:3)
  8 azure jellies
  9 emperor scorpions
  2 ghouls
  3 curse skulls
  A deep elf sorcerer (Elf:1)
  4 ghost moths
  2 vault wardens (Vaults:2)
  3 orc warlords
  6 ironbound thunderhulks
  6 ironbound preservers
  9 very ugly things
  2 reapers
  A broodmother (Spider:3)
  4 war gargoyles (Vaults:2)
  8 quicksilver oozes
  7 vampire knights
  2 deep elf demonologists
  Azrael (Orc:2)
  6 dire elephants
  2 deep elf annihilators (Elf:1)
  A minotaur (Shoals:4)
  A starcursed mass (Abyss:3)
  2 spark wasps
  5 eidola
  A green death (Abyss:3)
  A blizzard demon (Abyss:3)
  3 merfolk javelineers (Shoals:3)
  3 deep elf death magi
  4 merfolk impalers
  4 fire dragons
  5 entropy weavers
  6 great orbs of eyes
  A yaktaur captain (Vaults:1)
  A spriggan zombie (Abyss:3)
  3 jiangshi (Crypt:3)
  A deep elf high priest (Elf:1)
  2 peacekeepers (Vaults:2)
  Harold (D:9)
  3 boulder beetles
  4 vault guards (D:13)
  7 ironbound frosthearts
  A demonspawn (Orc:2)
  4 merfolk aquamancers
  3 hydras
  2 death knights (Crypt:1)
  3 radroaches
  16 satyrs
  4 centaur warriors
  A catoblepas (Lair:5)
  3 jorogumos
  An alligator snapping turtle (Shoals:3)
  4 dancing weapons (Elf:1)
  4 merfolk avatars
  A hell hog (Abyss:3)
  4 two-headed ogres
  4 vampire magi
  A titan zombie (Crypt:2)
  An orc high priest (Orc:2)
  4 thrashing horrors (Abyss:3)
  A soul eater (Crypt:1)
  2 pharaoh ants
  A shadow wraith (Crypt:2)
  16 skeletal warriors
  A sun moth (Spider:1)
  Lodul (D:11)
  2 flayed ghosts
  12 sea snakes
  4 skysharks
  A deep elf archer (Elf:1)
  A glowing orange brain (Vaults:2)
  2 golden dragon skeletons
  4 bog bodies
  Pikel (D:6)
  An iron giant skeleton (Crypt:3)
  A swamp dragon (Lair:5)
  5 wizards (Vaults:2)
  11 orb spiders
  14 deep trolls
  An anaconda skeleton (Crypt:2)
  7 ironbound convokers
  3 steelbarb worms
  29 harpies
  4 lindwurms
  A bunyip skeleton (Crypt:2)
  8 phantasmal warriors
  An oklob plant (Lair:5)
  5 necromancers
  A wolf spider zombie (Crypt:1)
  7 deep elf zephyrmancers (Elf:1)
  17 ugly things
  8 wolf spiders
  24 fauns
  9 deep elf pyromancers
  3 shining eyes
  11 orc knights
  A wolf spider (shapeshifter) (Elf:1)
  9 cyclopes
  10 orc sorcerers
  9 elephants (Lair:5)
  3 moths of wrath
  Joseph (D:7)
  24 manticores
  An eleionoma skeleton (Crypt:2)
  6 merfolk sirens
  2 black mambas
  A black mamba (shapeshifter) (D:13)
  7 water nymphs
  An eye of devastation (Slime:2)
  7 torpor snails
  A guardian serpent (Abyss:3)
  2 smoke demons
  10 vault sentinels
  2 gargoyles
  3 demonic crawlers
  11 cane toads
  A centaur skeleton (Crypt:2)
  A red draconian zombie (Crypt:3)
  Psyche (D:11)
  A grey draconian zombie (Crypt:3)
  3 rime drakes
  An unseen horror (D:13)
  5 freezing wraiths
  9 yaktaurs
  3 kobold demonologists
  A catoblepas zombie (Crypt:2)
  16 komodo dragons
  A tengu conjurer (D:13)
  4 guardian mummies (Crypt:3)
  An alligator snapping turtle skeleton (Crypt:2)
  A red devil (Orc:2)
  A harpy zombie (Crypt:1)
  A white draconian skeleton (Crypt:3)
  28 merfolk
  A polar bear (D:11)
  7 trolls
  An ancient zyme (Abyss:3)
  A death drake zombie (Crypt:2)
  3 tyrant leeches (Lair:5)
  9 tarantellas
  3 wind drakes
  5 blink frogs (Lair:1)
  2 harpy skeletons (Crypt:1)
  12 hornets
  55 slime creatures
  11 jumping spiders
  8 snapping turtles
  6 flying skulls
  A ynoxinul (Abyss:3)
  An air elemental (Elf:1)
  4 centaur simulacra (D:11)
  2 vampires
  7 culicivoras
  5 water elementals
  9 wraiths
  12 spriggans (Lair:3)
  5 basilisks
  A chaos spawn (Orc:2)
  33 yaks
  3 fire elementals (Orc:2)
  A golden eye (Slime:3)
  3 steam dragons
  5 wyverns
  A vampire mosquito (D:13)
  29 redbacks
  A wind drake skeleton (Crypt:3)
  Menkaure (D:7)
  3 wargs
  3 acid dragons
  6 large abominations (Abyss:3)
  An entropy weaver zombie (Crypt:3)
  7 ice beasts
  4 hell hounds (Orc:2)
  14 water moccasins
  A naga skeleton (Crypt:3)
  2 swamp drakes (Lair:5)
  A sky beast (D:6)
  43 orc warriors
  5 small abominations (Abyss:3)
  2 black bears
  A merfolk simulacrum (Crypt:1)
  18 ogres
  An elephant zombie (Crypt:1)
  2 centaurs
  3 boggarts (Lair:3)
  12 wolves
  A lindwurm skeleton (Crypt:3)
  A phantom (D:7)
  Blork the orc (D:6)
  6 kobold brigands
  A draconian zombie (Crypt:2)
  3 necrophages (Crypt:1)
  4 gnoll sergeants
  An earth elemental (D:11)
  10 bullfrogs
  3 scorpions
  10 wights
  A wyvern skeleton (Crypt:3)
  A yak zombie (Crypt:2)
  21 killer bees
  A polar bear skeleton (Crypt:2)
  2 howler monkeys (D:10)
  An electric eel (D:11)
  2 quasits (D:8)
  6 hounds
  A jelly (D:6)
  Crazy Yiuf (D:7)
  32 orc priests
  3 gnoll boudas
  A sleepcap (D:5)
  7 iguanas
  12 hell rats
  14 orc wizards
  An acid dragon zombie (Crypt:1)
  2 ogre skeletons
  34 gnolls
  9 adders
  3 shadow imps (D:8)
  10 white imps
  4 ufetubi
  An iguana skeleton (Crypt:1)
  A worm (D:4)
  3 dart slugs
  95 orcs
  2 bat zombies
  4 endoplasms
  9 goblins
  7 hobgoblins
  A quokka (D:1)
  3 training dummies (Shoals:2)
  6 ball pythons
  4 bats
  4 frilled lizards
  A jackal zombie (Crypt:3)
  23 kobolds
  A rat (D:2)
  A butterfly (Lair:4)
  A lurking horror (Slime:1)
  2 tentacles (Shoals:3)
1404 creatures vanquished.

Vanquished Creatures (others)
  2 orc high priests (Orc:2)
  4 starspawn tentacles (Abyss:3)
  10 tentacles
16 creatures vanquished.

Grand Total: 1420 creatures vanquished

Notes
Turn   | Place    | Note
-------+----------+-------------------------------------------
     0 | D:1      | Esekla the Deep Elf Wanderer began the quest for the Orb.
     0 | D:1      | Esekla set off with the following items: a +0 club, a
                  | potion of lignification, a +0 robe, a +0 buckler; and the
                  | following spells available to memorise: Apportation, Blink,
                  | Lesser Beckoning, Magic Dart, Ignite Poison, Vampiric
                  | Draining.
     0 | D:1      | Reached XP level 1. HP: 10/10 MP: 7/7
     2 | D:1      | Learned a level 1 spell: Magic Dart
     4 | D:1      | Learned a level 1 spell: Apportation
   456 | D:4      | Found a radiant altar of Vehumet.
   464 | D:4      | Found an iron altar of Okawaru.
   475 | D:4      | Found a glowing silver altar of Zin.
   558 | D:4      | Became a worshipper of Vehumet
   735 | D:3      | Reached skill level 5 in Spellcasting
   735 | D:3      | Reached XP level 2. HP: 13/15 MP: 10/10
   741 | D:3      | Learned a level 2 spell: Blink
   940 | D:3      | Identified the +5 rapier of the Hero {heavy, rN+ Dex+3}
                  | (You found it on level 3 of the Dungeon)
   996 | D:2      | Found Renulab's Jewellery Shop.
  1133 | D:1      | Reached XP level 3. HP: 10/19 MP: 12/12
  1137 | D:1      | Learned a level 3 spell: Ignite Poison
  1141 | D:1      | Learned a level 3 spell: Vampiric Draining
  1183 | D:1      | Reached skill level 1 in Necromancy
  1240 | D:1      | Reached skill level 1 in Dodging
  1242 | D:1      | Reached * piety under Vehumet
  1242 | D:1      | Offered knowledge of Freeze by Vehumet.
  1475 | D:2      | Found a faded altar of an unknown god.
  1505 | D:2      | Reached XP level 4. HP: 24/24 MP: 9/13
  1770 | D:3      | Found a stormy altar of Qazlal.
  1830 | D:3      | Found a bloodstained altar of Trog.
  1833 | D:3      | Found a hazy altar of Hepliaklqana.
  2055 | D:5      | Entered Level 5 of the Dungeon
  2067 | D:5      | Got the Parchment of the Lumpy Olives
  2093 | D:5      | Found a shadowy altar of Dithmenos.
  2135 | D:5      | Reached skill level 1 in Short Blades
  2149 | D:5      | Noticed a scorpion
  2155 | D:5      | Killed a scorpion
  2156 | D:5      | Reached skill level 6 in Spellcasting
  2156 | D:5      | Reached XP level 5. HP: 28/28 MP: 12/15
  2223 | D:5      | Reached XP level 6. HP: 30/32 MP: 13/17
  2437 | D:4      | Offered knowledge of Poisonous Vapours by Vehumet.
  2455 | D:4      | Learned a level 2 spell: Poisonous Vapours
  2484 | D:4      | Reached ** piety under Vehumet
  2520 | D:4      | Found a glowing golden altar of the Shining One.
  2592 | D:4      | Reached skill level 1 in Poison Magic
  2752 | D:4      | Found Ponaysk's Antique Weapon Boutique.
  2954 | D:5      | Reached skill level 7 in Spellcasting
  2954 | D:5      | Reached skill level 1 in Air Magic
  3016 | D:5      | Reached XP level 7. HP: 36/36 MP: 8/19
  3243 | D:6      | Reached skill level 1 in Fire Magic
  3296 | D:6      | Reached skill level 8 in Spellcasting
  3296 | D:6      | Reached skill level 1 in Transmutations
  3316 | D:6      | Found a blossoming altar of Fedhas.
  3408 | D:6      | Found a staircase to the Ecumenical Temple.
  3700 | D:6      | Offered knowledge of Inner Flame by Vehumet.
  3844 | D:6      | Reached XP level 8. HP: 41/41 MP: 16/22
  3928 | D:6      | Noticed Blork the orc
  3941 | D:6      | Killed Blork the orc
  3997 | D:7      | Found a runed translucent door.
  3998 | D:7      | Noticed Crazy Yiuf
  4005 | D:7      | Killed Crazy Yiuf
  4115 | D:7      | Reached skill level 9 in Spellcasting
  4159 | D:7      | Noticed Menkaure
  4165 | D:7      | Killed Menkaure
  4378 | D:7      | Reached *** piety under Vehumet
  4596 | D:6      | Noticed Pikel
  4600 | D:6      | Killed Pikel
  4601 | D:6      | Reached skill level 10 in Spellcasting
  4601 | D:6      | Reached skill level 5 in Necromancy
  4601 | D:6      | Reached XP level 9. HP: 38/45 MP: 18/25
  4874 | D:7      | Reached skill level 1 in Conjurations
  4918 | D:7      | Noticed Joseph
  4967 | D:8      | Offered knowledge of Hailstorm by Vehumet.
  5012 | D:8      | Noticed a two-headed ogre
  5052 | D:8      | Reached skill level 5 in Dodging
  5090 | D:8      | Reached **** piety under Vehumet
  5316 | D:8      | Killed a two-headed ogre
  5317 | D:8      | Reached skill level 11 in Spellcasting
  5324 | D:8      | Offered knowledge of Iskenderun's Mystic Blast by Vehumet.
  5330 | D:8      | Learned a level 4 spell: Iskenderun's Mystic Blast
  5347 | D:8      | Found a hide-covered altar of Uskayaw.
  5365 | D:8      | Found a transporter.
  5379 | D:8      | Found a transporter.
  5380 | D:8      | Found a transporter.
  5381 | D:8      | Found a transporter.
  5773 | D:8      | Reached XP level 10. HP: 50/50 MP: 27/27
  6000 | D:9      | Noticed a two-headed ogre
  6007 | D:9      | Killed a two-headed ogre
  6125 | D:9      | Found a sparkling altar of Nemelex Xobeh.
  6218 | D:9      | Found a flagged portal.
  6225 | Bailey   | Entered a bailey
  6433 | Bailey   | Identified the +2 bardiche of Puhoisos {heavy, rElec
                  | Stlth+}
  6437 | Bailey   | Noticed an orc knight
  6437 | Bailey   | Noticed an orc knight
  6460 | Bailey   | Killed an orc knight
  6461 | Bailey   | Reached skill level 12 in Spellcasting
  6476 | Bailey   | Killed an orc knight
  6477 | Bailey   | Reached skill level 5 in Poison Magic
  6479 | Bailey   | Reached skill level 5 in Air Magic
  6791 | D:9      | Reached skill level 1 in Fighting
  6900 | D:9      | Noticed a cyclops
  6903 | D:9      | Killed a cyclops
  6999 | D:9      | Reached XP level 11. HP: 57/57 MP: 6/29
  7018 | D:9      | Reached skill level 13 in Spellcasting
  7098 | D:10     | Entered Level 10 of the Dungeon
  7133 | D:10     | Found a staircase to the Orcish Mines.
  7147 | Orc:1    | Entered Level 1 of the Orcish Mines
  7153 | Orc:1    | Noticed an orc knight
  7163 | Orc:1    | Killed an orc knight
  7493 | D:2      | Bought the ring of the Mage {Wiz Archmagi} for 714 gold
                  | pieces
  7493 | D:2      | Found the ring of the Mage {Wiz Archmagi}
  7712 | D:7      | Killed Joseph
  8029 | D:11     | Noticed Lodul
  8036 | D:11     | Killed Lodul
  8037 | D:11     | Reached skill level 1 in Armour
  8047 | D:10     | Reached ***** piety under Vehumet
  8101 | D:10     | Offered knowledge of Freezing Cloud by Vehumet.
  8109 | D:10     | Learned a level 5 spell: Freezing Cloud
  8313 | D:11     | Reached skill level 14 in Spellcasting
  8316 | D:11     | Reached skill level 5 in Conjurations
  8336 | D:11     | Reached skill level 1 in Ice Magic
  8457 | D:11     | Found a staircase to the Lair.
  8517 | D:11     | Reached XP level 12. HP: 44/66 MP: 19/32
  8529 | D:10     | Found a sacrificial altar of Ru.
  8820 | D:11     | Got Simple Magic
  8967 | D:11     | Found Fagafuf's Pet Rocks.
  9073 | D:12     | Learned a level 2 spell: Wereblood
  9194 | D:12     | Found a portal to a secret trove of treasure.
  9243 | D:12     | Learned a level 3 spell: Mephitic Cloud
  9410 | D:12     | Learned a level 5 spell: Fireball
  9877 | D:11     | Noticed Psyche
  9878 | D:11     | Noticed a two-headed ogre
  9883 | D:11     | Killed a two-headed ogre
  9884 | D:11     | Reached skill level 15 in Spellcasting
  9890 | D:11     | Killed Psyche
  9966 | Lair:1   | Entered Level 1 of the Lair of Beasts
 10181 | Lair:1   | Offered knowledge of Conjure Ball Lightning by Vehumet.
 11293 | Lair:2   | Reached skill level 5 in Fighting
 11421 | Lair:2   | Found a transporter.
 11421 | Lair:2   | Found a transporter.
 11422 | Lair:2   | Noticed a boulder beetle
 11422 | Lair:2   | Noticed a boulder beetle
 11432 | Lair:2   | Killed a boulder beetle
 11434 | Lair:2   | Killed a boulder beetle
 11435 | Lair:2   | Reached XP level 13. HP: 72/72 MP: 31/34
 11476 | Lair:2   | Found a staircase to the Shoals.
 11481 | Lair:2   | Reached skill level 5 in Fire Magic
 11832 | Lair:3   | Found a hole to the Spider Nest.
 12035 | Lair:3   | Reached skill level 5 in Translocations
 12108 | Lair:3   | Reached skill level 16 in Spellcasting
 12212 | Lair:3   | Identified the +3 leather armour of Okawaru's Inspiration
                  | {Str+4}
 12520 | D:2      | Bought the ring of Greed {rElec rPois rN+ AC+4 Str-2} for
                  | 758 gold pieces
 12817 | D:9      | Noticed Harold
 12829 | D:9      | Killed Harold
 13205 | Lair:3   | Reached skill level 1 in Earth Magic
 13524 | Lair:4   | Learned a level 4 spell: Sticky Flame
 13895 | Lair:4   | Offered knowledge of Ozocubu's Refrigeration by Vehumet.
 13906 | Lair:4   | Learned a level 7 spell: Ozocubu's Refrigeration
 13931 | Lair:4   | Reached skill level 10 in Necromancy
 14128 | Lair:4   | Noticed Rupert
 14138 | Lair:4   | Paralysed by Rupert for 5 turns
 14139 | Lair:4   | Killed Rupert
 14305 | Lair:5   | Entered Level 5 of the Lair of Beasts
 14314 | Lair:5   | Reached skill level 5 in Ice Magic
 14506 | Lair:5   | Found a runed translucent door.
 14506 | Lair:5   | Noticed a fire dragon
 14555 | Lair:5   | Reached skill level 17 in Spellcasting
 14593 | Lair:5   | Reached XP level 14. HP: 53/80 MP: 12/37
 14757 | Lair:5   | Found a viscous altar of Jiyva.
 14757 | Lair:5   | Found a staircase to the Slime Pits.
 15266 | Lair:5   | Got Utragud's Papyrus of the Inquisitive Olives
 15664 | Orc:2    | Entered Level 2 of the Orcish Mines
 15822 | Orc:2    | Reached ****** piety under Vehumet
 15886 | Orc:2    | Offered knowledge of Spellforged Servitor by Vehumet.
 15890 | Orc:2    | Noticed an orc warlord
 15905 | Orc:2    | Killed an orc warlord
 15952 | Orc:2    | Found a staircase to the Elven Halls.
 16017 | Orc:2    | Found Bamnuus's General Store.
 16053 | Orc:2    | Found Roezostra's General Store.
 16283 | Orc:2    | Noticed Azrael
 16287 | Orc:2    | Killed Azrael
 16479 | Orc:2    | Reached skill level 18 in Spellcasting
 16495 | Orc:2    | Offered knowledge of Irradiate by Vehumet.
 16496 | Orc:2    | Reached skill level 5 in Transmutations
 16518 | Orc:2    | Learned a level 5 spell: Irradiate
 16553 | Orc:2    | Found Jyohez's Book Shop.
 16553 | Orc:2    | Found Huzal's Antique Armour Boutique.
 16554 | Orc:2    | Found a one-way gate leading to the halls of Pandemonium.
 16556 | Orc:2    | Bought a Young Poisoner's Handbook for 300 gold pieces
 16558 | Orc:2    | Bought a runed helmet for 270 gold pieces
 16706 | Orc:1    | Noticed an orc warlord
 16711 | Orc:1    | You fall into a shaft and drop 1 floor!
 16787 | Orc:1    | Killed an orc warlord
 16788 | Orc:1    | Reached XP level 15. HP: 86/86 MP: 17/39
 17074 | Elf:1    | Entered Level 1 of the Elven Halls
 17096 | Elf:1    | Reached skill level 10 in Dodging
 17219 | Elf:1    | Paralysed by an air elemental for 1 turns
 17222 | Elf:1    | Paralysed by an air elemental for 1 turns
 17404 | Elf:1    | Learned a level 4 spell: Olgreb's Toxic Radiance
 17438 | Elf:1    | Noticed a deep elf sorcerer
 17439 | Abyss:3  | Cast into level 3 of the Abyss (a deep elf sorcerer)
 17626 | Abyss:3  | Reached skill level 5 in Armour
 17649 | Abyss:3  | Noticed a tentacled starspawn
 17668 | Abyss:3  | Killed a tentacled starspawn
 17707 | Abyss:3  | Reached skill level 19 in Spellcasting
 17720 | Abyss:3  | Found an ancient bone altar of Kikubaaqudgha.
 17743 | Abyss:3  | Offered knowledge of Yara's Violent Unravelling by Vehumet.
 17744 | Abyss:3  | Reached skill level 5 in Earth Magic
 17783 | Elf:1    | Escaped the Abyss
 17786 | Elf:1    | Killed a deep elf sorcerer
 18480 | Spider:1 | Entered Level 1 of the Spider Nest
 18513 | Spider:1 | Identified the +1 pair of boots of Piysunuo {Str+3}
 19045 | Spider:2 | Reached XP level 16. HP: 94/94 MP: 35/41
 19123 | Spider:1 | Learned a level 3 spell: Frozen Ramparts
 19158 | Spider:2 | You fall into a shaft and drop 1 floor!
 19247 | Spider:2 | Reached skill level 20 in Spellcasting
 19619 | Spider:2 | Acquired the ring "Pyanlupp" {Fly Will+ rCorr Str+2 Int+4}
 19626 | Spider:2 | Acquired the +6 Majin-Bo {spellvamp, MP+6 Int+6}
 19626 | Spider:2 | Found the +6 Majin-Bo {spellvamp, MP+6 Int+6}
 19628 | Spider:2 | Acquired the +8 short sword of Drought {vamp, Fly rN+
                  | Will+}
 19901 | Trove    | Entered a treasure trove
 19914 | Trove    | Identified the +0 cloak of Time Monsters {Stlth+}
 19916 | Trove    | Identified the ring "Edamun" {rN+ Will+ Str+3 Dex-3 Slay+2}
 19927 | Trove    | Identified the +3 ring mail "Poady" {+Inv rF+ Dex+2 Slay-4}
 19928 | Trove    | Identified the +1 flail "Jovap" {freeze, rElec Dex+5}
 20122 | D:2      | Bought a ring of see invisible for 210 gold pieces
 21563 | Spider:4 | Entered Level 4 of the Spider Nest
 21584 | Spider:4 | Noticed Mara
 21591 | Spider:4 | Noticed Esekla's illusion
 21806 | Spider:4 | Noticed Esekla's illusion
 21870 | Spider:4 | Killed Mara
 22777 | Spider:4 | Reached skill level 21 in Spellcasting
 23054 | Spider:4 | Got a gossamer rune of Zot
 23282 | Shoals:1 | Entered Level 1 of the Shoals
 23600 | Shoals:1 | Reached XP level 17. HP: 80/100 MP: 39/44
 24934 | Shoals:2 | Identified the +1 animal skin "Kougi" {rPois rF++ MP+9}
 25224 | Shoals:2 | Found Biskeott's Firing Range.
 25518 | Shoals:2 | You are sucked into a shaft and drop 1 floor!
 25519 | Shoals:3 | Noticed Ilsuiw
 25524 | Shoals:3 | Reached skill level 22 in Spellcasting
 25535 | Shoals:3 | Killed Ilsuiw
 25865 | Shoals:3 | Noticed a kraken
 25872 | Shoals:3 | Killed a kraken
 26542 | Shoals:3 | Found Zemonaik's Distillery.
 26553 | Shoals:3 | Bought a potion of heal wounds for 75 gold pieces
 26553 | Shoals:3 | Bought a potion of heal wounds for 75 gold pieces
 26553 | Shoals:3 | Bought 2 potions of heal wounds for 150 gold pieces
 26635 | Shoals:3 | Reached skill level 10 in Fighting
 26852 | Shoals:4 | Entered Level 4 of the Shoals
 26956 | Shoals:4 | Identified the +1 ring mail "Uronn" {rF+ Regen+ Int+3}
 27286 | Shoals:4 | Offered knowledge of Orb of Destruction by Vehumet.
 27303 | Shoals:3 | Learned a level 7 spell: Orb of Destruction
 27330 | Shoals:4 | Reached XP level 18. HP: 108/108 MP: 40/46
 27548 | Shoals:4 | Reached skill level 23 in Spellcasting
 27746 | Shoals:4 | Identified the ring "Pileq" {Ice Str+4 Dex+3 Slay+2}
 27878 | Shoals:4 | Got Cuuv Rytt's Atlas of Hot Beguiling
 27878 | Shoals:4 | Got a barnacled rune of Zot
 27937 | Shoals:4 | Reached skill level 10 in Air Magic
 28789 | D:13     | Found a gate to the Vaults.
 29628 | Vaults:1 | Entered Level 1 of the Vaults
 29847 | Vaults:1 | Identified the +9 arbalest of Xom's Indignation {penet,
                  | Dex+4 Stlth+}
 29904 | Vaults:1 | Reached skill level 24 in Spellcasting
 30235 | Vaults:1 | Reached skill level 1 in Throwing
 30353 | Vaults:1 | Found Emogyl Osee's Armour Boutique.
 31005 | Vaults:2 | Reached XP level 19. HP: 55/115 MP: 37/49
 31240 | Vaults:2 | Found a flickering gateway to a bazaar.
 31263 | Bazaar   | Entered a bazaar
 31280 | Bazaar   | Found Huts's Armour Emporium.
 31280 | Bazaar   | Found Fuoqy's Distillery.
 31284 | Bazaar   | Bought a potion of mutation for 56 gold pieces
 31290 | Bazaar   | Bought a +1 cloak of stealth for 181 gold pieces
 31311 | Bazaar   | Found Luehida's Magic Scroll Shoppe.
 31321 | Bazaar   | Bought a scroll of blinking for 82 gold pieces
 31332 | Bazaar   | Found Subykus's Antique Weapon Emporium.
 31332 | Bazaar   | Found Zefiutze's Weapon Shoppe.
 31336 | Bazaar   | Bought a glowing long sword for 175 gold pieces
 31343 | Bazaar   | Bought the +8 Vampire's Tooth {megavamp} for 540 gold
                  | pieces
 31343 | Bazaar   | Found the +8 Vampire's Tooth {megavamp}
 31355 | Bazaar   | Found Gopir's Armour Shoppe.
 31359 | Bazaar   | Bought the +0 mask of the Dragon {Will+ Slay+3 SInv} for
                  | 367 gold pieces
 31359 | Bazaar   | Found the +0 mask of the Dragon {Will+ Slay+3 SInv}
 31737 | Vaults:2 | Learned a level 4 spell: Dispel Undead
 31757 | Vaults:2 | Reached skill level 10 in Earth Magic
 31912 | Vaults:2 | Reached skill level 25 in Spellcasting
 32200 | Vaults:2 | Found a staircase to the Crypt.
 32329 | Vaults:2 | Offered knowledge of Shatter by Vehumet.
 32329 | Vaults:2 | Offered knowledge of Chain Lightning by Vehumet.
 32329 | Vaults:2 | Offered knowledge of Polar Vortex by Vehumet.
 32798 | Crypt:1  | Entered Level 1 of the Crypt
 32841 | Crypt:1  | Reached skill level 10 in Conjurations
 32906 | Crypt:1  | Reached skill level 1 in Long Blades
 33205 | Crypt:1  | Paralysed by something for 2 turns
 34102 | Crypt:2  | Found a runed translucent gate.
 34103 | Crypt:2  | Found a runed translucent gate.
 34103 | Crypt:2  | Found a runed translucent gate.
 34107 | Crypt:2  | Noticed Ulecsuczon's ghost (veteran MiGl)
 34107 | Crypt:2  | Noticed Wesoq's ghost (veteran MiGl)
 34107 | Crypt:2  | Noticed Hynnuzim's ghost (veteran CeHu)
 34556 | Crypt:3  | Entered Level 3 of the Crypt
 34740 | Crypt:3  | Identified the +5 mace of Fedhas's Displeasure {flame,
                  | rElec rC+ Int+3}
 34783 | Crypt:3  | Reached skill level 26 in Spellcasting
 34783 | Crypt:3  | Reached XP level 20. HP: 100/121 MP: 32/52
 34888 | Crypt:3  | Noticed a curse toe
 34909 | Crypt:3  | Found a staircase to the Tomb.
 35449 | Crypt:3  | Noticed a bone dragon
 35483 | Crypt:3  | Killed a bone dragon
 35486 | Crypt:3  | Killed a curse toe
 35811 | Crypt:3  | Got the Handbook of Vapourous Creation
 35814 | Crypt:3  | Noticed a dread lich
 35814 | Crypt:3  | Noticed an ancient lich
 36064 | Crypt:3  | Killed a dread lich
 36187 | Crypt:3  | Killed an ancient lich
 36188 | Crypt:3  | Reached skill level 15 in Dodging
 36257 | Crypt:3  | Learned a level 8 spell: Maxwell's Capacitive Coupling
 36662 | Slime:1  | Entered Level 1 of the Pits of Slime
 37038 | Slime:1  | Found a one-way gate to the infinite horrors of the Abyss.
 37296 | Slime:1  | Found a corrupted altar of Lugonu.
 38071 | Slime:3  | Reached skill level 27 in Spellcasting
 38095 | Slime:3  | HP: 1/121 [acid blob/splash of acid (11)]
 38101 | Slime:3  | Blown up by an eye of devastation

Illustrated notes

Levels and vault maps discovered:
D:1:      sevenhm_arrival_forest_fort_small_3, layout_rooms,
          chequers_serial_rivers_room_b, minmay_misc_feat_five
D:2:      layout_loops_ring, dreamdust_ecumenical_altar_angels_and_demons,
          serial_shops, shop
D:3:      layout_basic, grunt_temple_overflow_open, minmay_misc_feat_iff
D:4:      layout_basic, nicolae_overflow_quartered_altars, serial_shops,
          nicolae_diamond_shop
D:5:      layout_loops_ring, lemuel_doored_altar, minmay_misc_feat_rows,
          dreamdust_wishing_well
D:6:      layout_loops_cross, fedhas_altar_fruit_tree,
          minmay_temple_entry_glass, uniq_pikel, uniq_blork_the_orc
D:7:      layout_basic, uniq_menkaure, uniq_joseph, uniq_crazy_yiuf_cottage
D:8:      layout_basic, nicolae_uskayaw_dance_hall, serial_demonic,
          serial_demonic_d, serial_demonic_a, serial_demonic_c,
          serial_demonic_c, nicolae_diode_quadrants
D:9:      layout_irregular_city, kennysheep_little_box, enter_bailey_4,
          minmay_between, uniq_harold
D:10:     layout_basic, nicolae_ru_awakened_eye
D:11:     layout_rooms, hellmonk_lair_entry_icy, serial_ice, serial_ice_j,
          serial_ice_m, serial_ice_o, serial_ice_c, serial_ice_g, serial_ice_f,
          guppyfry_shop_earth, uniq_psyche, uniq_lodul
D:12:     layout_roguey, nicolae_trove_entry_crossroad
D:13:     layout_loops_ring, lightli_vaults_fourway_checkpoint
Lair:1:   layout_small_grid
Lair:2:   gammafunk_boulding_lane, layout_small_grid, elwin_shoals_entry_rooms
Lair:3:   kb_forest_paths, layout_chaotic_city, spider_nest_entry_rubble
Lair:4:   layout_hall_layers, grunt_megastairs_3, lemuel_fruit_fields,
          uniq_rupert
Lair:5:   guppyfry_lair_end_dragon, layout_misc_corridors, wormcave,
          dpeg_slime_entry_enclosed
Shoals:1: layout_shoals, nicolae_shoals_nautilus_by_nature
Shoals:2: argonaut_golden_fleece, layout_shoals, nicolae_shop_firing_range
Shoals:3: layout_shoals, serial_shops, shop, nicolae_shoals_lost_giant_hut,
          uniq_ilsuiw
Shoals:4: shoals_end_hellmonk_lost_city, serial_shops
Spider:1: layout_spider_delve, nicolae_spider_some_kinda_spiderbox
Spider:2: layout_spider_delve, nicolae_spider_twisty_arc_passages
Spider:3: layout_chambers, nicolae_orb_stairs
Spider:4: grunt_spider_rune_circles, guppyfry_hornet_nest, uniq_mara
Slime:1:  layout_caves, amcnicky_altar_lugonu_corruption
Slime:2:  layout_caves
Slime:3:  layout_caves, special_room [special_room_jelly]
Orc:1:    layout_caves
Orc:2:    pf_orc_diabolical, layout_diamond_mine, uniq_azrael
Elf:1:    minmay_elf_arrival_plus, layout_loops_cross,
          kennysheep_underground_church
Vaults:1: vaults_dpeg_emergency_exit, nicolae_vaults_ellipses_ellipsis,
          nicolae_vaults_variable_pillar_hall, v_misc_22, v_misc_33,
          nicolae_vaults_closet_pinwheel_3, v_alt_pattern_4, v_alt_pattern_4,
          nicolae_vaults_tetromino_Z_2, nicolae_vaults_taking_the_gang_shopping,
          nicolae_vaults_spaceships, v_misc_33, nicolae_vaults_shelves_hall,
          nicolae_vaults_trapezoid_lopsided_1, nicolae_vaults_little_ls,
          layout_vaults_ring
Vaults:2: ontoclasm_vaults_bender, nicolae_vaults_storage_closets_1, v_misc_9,
          vaults_room_pools, nicolae_vaults_more_shelving_2, v_misc_14,
          vaults_standard_mumra_lines, hangedman_vaults_stream,
          nicolae_vaults_windows_and_doors_thing,
          minmay_crypt_entry_simple_corners, nicolae_vaults_stand_back,
          vaults_dpeg_diagonal, nicolae_vaults_little_squares_5,
          layout_vaults_omnibox, serial_shops, bzr_entry_gold
Vaults:3: nicolae_vaults_three_branches, v_misc_15, vaults_standard_mumra_x,
          v_misc_13, ontoclasm_vaults_loading_screen, nicolae_vaults_tangram_1,
          nicolae_vaults_display_case, vaults_room_ringed_pool,
          nicolae_vaults_octothorpe, vaults_mumra_minichess,
          nicolae_vaults_variable_pillar_hall, v_alt_pattern_6,
          nicolae_vaults_tetromino_L_1, nicolae_vaults_trapezoid_3,
          layout_vaults_big_room, uniq_mennas
Crypt:1:  layout_rooms, grunt_ministairs_11, st_small_mortuary
Crypt:2:  layout_chaotic_city, gammafunk_ghost_cemetery
Crypt:3:  david_glass_crypt, layout_misc_corridors, tomb_entry_simple_bobbens,
          glass_columns_a

Skill      XL: |  1  2  3  4  5  6  7  8  9 10 11 12 13 14 15 16 17 18 19 20 |
---------------+-------------------------------------------------------------+-----
Spellcasting   | 5 6 7 8 10 11 12 14 15 17 18 19 21 22 24 26 27 | 27.0
Necromancy     | 1 2 4 5 6 7 8 9 10 11 12 | 12.3
Dodging        | 1 2 3 4 5 6 7 8 9 10 11 12 13 14 15 | 15.4
Short Blades   | 1 2 3 |  3.8
Poison Magic   | 1 2 3 4 5 6 7 8 |  8.1
Air Magic      | 1 3 4 5 6 7 8 9 10 11 | 11.4
Fire Magic     | 1 3 4 5 6 7 8 |  8.1
Transmutations | 1 2 3 4 5 6 7 8 |  8.4
Stealth        | 2 3 4 |  4.0
Translocations | 3 4 5 6 |  6.6
Conjurations   | 1 4 5 6 7 8 9 10 | 10.8
Fighting       | 1 3 5 6 7 8 9 10 11 | 11.7
Armour         | 1 3 4 5 6 7 |  7.1
Shields        | 2 3 |  3.3
Ice Magic      | 1 4 5 6 7 8 9 |  9.9
Earth Magic    | 2 4 5 7 8 9 10 11 | 11.9
Throwing       | 1 2 |  2.2
Long Blades    | 1 2 |  2.8
Invocations    | |  1.0
Evocations     | |  0.6

Action                     |  1- 3 |  4- 6 |  7- 9 | 10-12 | 13-15 | 16-18 | 19-21 || total
---------------------------+-------+-------+-------+-------+-------+-------+-------++-------
  Melee: Short sword       |    23 |       |       |       |       |   164 |    17 ||   204
         Rapier            |    27 |    36 |    64 |    66 |    86 |       |       ||   279
         Dagger            |       |    13 |    16 |       |       |       |       ||    29
         Long sword        |       |       |       |       |       |       |   201 ||   201
  Throw: Dart              |     4 |     6 |       |       |       |       |       ||    10
         Boomerang         |       |       |       |    11 |    14 |    21 |    67 ||   113
         Javelin           |       |       |       |       |       |     4 |    10 ||    14
   Cast: Apportation       |    38 |    17 |    21 |    57 |    69 |    57 |    41 ||   300
         Magic Dart        |    33 |    14 |    22 |    44 |    39 |     8 |     8 ||   168
         Ignite Poison     |     1 |     4 |    38 |    82 |   149 |   190 |    89 ||   553
         Vampiric Draining |       |     7 |    19 |    24 |    21 |    48 |    32 ||   151
         Poisonous Vapours |       |    27 |   101 |   194 |   247 |   222 |    43 ||   834
         Blink             |       |       |     2 |     4 |    13 |    15 |    13 ||    47
         Iskenderun's Myst |       |       |       |    54 |    51 |    32 |    32 ||   169
         Freezing Cloud    |       |       |       |     8 |    46 |    29 |    16 ||    99
         Mephitic Cloud    |       |       |       |     5 |    29 |    29 |    66 ||   129
         Wereblood         |       |       |       |     3 |    22 |    34 |    31 ||    90
         Sticky Flame      |       |       |       |       |    21 |    61 |    90 ||   172
         Fireball          |       |       |       |       |     3 |     9 |     4 ||    16
         Ozocubu's Refrige |       |       |       |       |    13 |    20 |     5 ||    38
         Irradiate         |       |       |       |       |    10 |    12 |    11 ||    33
         Olgreb's Toxic Ra |       |       |       |       |     8 |    60 |    14 ||    82
         Frozen Ramparts   |       |       |       |       |       |    49 |     7 ||    56
         Orb of Destructio |       |       |       |       |       |     2 |    11 ||    13
         Dispel Undead     |       |       |       |       |       |       |    98 ||    98
  Evoke: Wand              |       |       |    13 |     2 |     6 |     1 |     2 ||    24
    Use: Scroll            |     1 |       |     1 |    16 |     8 |    10 |    14 ||    50
         Potion            |       |       |       |     2 |     3 |     7 |     8 ||    20
   Stab: Sleeping          |     2 |     4 |     1 |       |     2 |     6 |     6 ||    21
         Distracted        |     1 |       |       |       |     1 |       |       ||     2
         Confused          |       |       |       |       |       |     1 |       ||     1
 Armour: Robe              |    27 |     9 |    34 |       |       |       |       ||    70
         Steam dragon scal |       |       |     1 |    47 |       |       |       ||    48
         Troll leather arm |       |       |       |    17 |    73 |   161 |       ||   251
         Skin              |       |       |       |       |    10 |       |       ||    10
         Ring mail         |       |       |       |       |       |    69 |   347 ||   416
  Dodge: Dodged            |    39 |    33 |    89 |   133 |   134 |   342 |   335 ||  1105
         Repelled          |       |       |       |       |       |     3 |       ||     3
  Block: Buckler           |     9 |    10 |    27 |    36 |    49 |   167 |    88 ||   386
         Reflection        |       |       |       |       |       |    24 |       ||    24
